[ AOE2 MATCH · #507822283 ]
UnrankedMongols vs Bulgarians
Player's team · LOSS
[ REPLAY ANALYSIS · EXTRACTED FROM THE RECORDED GAME ]
Feudal
10:06
Castle
24:32
Imperial
—
| APM avg | 102.1 |
| APM peak | 188 |
| eAPM avg | 64.3 |
| Villagers / military | 158 / 68 |
Focus
⚔️ 61.9% · 🌾 38.1%
Cavalry Archer ×39 · Skirmisher ×14 · Steppe Lancer ×5 · Archer ×4 · Militia ×3 · Mangonel ×3
Feudal
9:46
Castle
23:00
Imperial
—
| APM avg | 47.8 |
| APM peak | 93 |
| eAPM avg | 20.9 |
| Villagers / military | 67 / 53 |
Focus
⚔️ 32.7% · 🌾 67.3%
Skirmisher ×24 · Konnik ×17 · Militia ×10 · Knight ×2
Match map
Initial resources + every placement click. Lines = walls · curves = elevation contours. ◆ gold · ⬟ stone · ● berries · ✦ relic · ◌ wall gap
Your base· Open — opponent sealed themselves in
(***AlBy_Bkr***)'s base· ✓ Closed at 23:00 · 59t walls · no gate
Smoothed initial terrain · ◌ = detected wall gap · hover for details
Inputs per minute
— [GT]YellowJacket - - (***AlBy_Bkr***)
Build order — [GT]YellowJacket
First 150 of 360 actions detected
| 0:00 | Queue | Villager (Male) |
| 0:01 | Build | House |
| 0:02 | Queue | Villager (Male) |
| 0:02 | Build | House |
| 0:02 | Queue | Villager (Male) |
| 0:05 | Queue | Villager (Male) |
| 0:05 | Queue | Villager (Male) |
| 1:24 | Queue | Villager (Male) |
| 1:24 | Queue | Villager (Male) |
| 1:55 | Build | Lumber Camp |
| 1:58 | Queue | Villager (Male) |
| 1:58 | Queue | Villager (Male) |
| 1:58 | Queue | Villager (Male) |
| 2:13 | Queue | Villager (Male) |
| 2:13 | Queue | Villager (Male) |
| 2:46 | Queue | Villager (Male) |
| 2:46 | Queue | Villager (Male) |
| 2:46 | Queue | Villager (Male) |
| 3:05 | Build | House |
| 3:11 | Queue | Villager (Male) |
| 3:11 | Queue | Villager (Male) |
| 3:34 | Queue | Villager (Male) |
| 3:34 | Queue | Villager (Male) |
| 3:58 | Queue | Villager (Male) |
| 3:58 | Queue | Villager (Male) |
| 3:58 | Queue | Villager (Male) |
| 4:31 | Queue | Villager (Male) |
| 4:33 | Queue | Villager (Male) |
| 4:34 | Queue | Villager (Male) |
| 4:34 | Queue | Villager (Male) |
| 4:50 | Build | Barracks |
| 5:02 | Build | House |
| 5:24 | Queue | Villager (Male) |
| 5:24 | Queue | Villager (Male) |
| 5:26 | Queue | Villager (Male) |
| 5:26 | Queue | Villager (Male) |
| 5:40 | Queue | Militia |
| 5:40 | Queue | Militia |
| 5:40 | Queue | Militia |
| 6:00 | Build | House |
| 6:09 | Build | Mill |
| 6:10 | Queue | Villager (Male) |
| 6:10 | Queue | Villager (Male) |
| 6:10 | Queue | Villager (Male) |
| 6:11 | Queue | Villager (Male) |
| 6:12 | Queue | Villager (Male) |
| 6:12 | Queue | Villager (Male) |
| 7:00 | Research | Loom |
| 7:04 | Build | Mill |
| 7:56 | Research | Feudal Age |
| 7:56 | Research | Feudal Age |
| 8:18 | Build | Lumber Camp |
| 8:24 | Queue | Villager (Male) |
| 8:28 | Build | House |
| 8:29 | Build | Palisade Wall |
| 8:37 | Build | House |
| 8:39 | Build | Palisade Wall |
| 8:47 | Build | Palisade Wall |
| 8:51 | Build | Palisade Wall |
| 9:16 | Queue | Villager (Male) |
| 9:47 | Build | Palisade Wall |
| 9:49 | Build | Palisade Wall |
| 9:55 | Build | House |
| 9:57 | Build | Palisade Wall |
| 10:06 | Age | Feudal Age |
| 10:14 | Build | Archery Range |
| 10:22 | Research | Double-Bit Axe |
| 10:22 | Research | Double-Bit Axe |
| 10:28 | Queue | Villager (Male) |
| 10:43 | Queue | Skirmisher |
| 10:49 | Queue | Villager (Male) |
| 10:54 | Build | Mining Camp |
| 11:14 | Queue | Skirmisher |
| 11:19 | Build | House |
| 11:20 | Queue | Skirmisher |
| 11:23 | Queue | Villager (Male) |
| 11:25 | Build | Farm |
| 11:29 | Queue | Villager (Male) |
| 11:29 | Queue | Villager (Male) |
| 11:29 | Queue | Villager (Male) |
| 11:49 | Queue | Skirmisher |
| 12:06 | Build | Watch Tower |
| 12:20 | Queue | Skirmisher |
| 12:41 | Build | Farm |
| 12:44 | Queue | Skirmisher |
| 12:44 | Queue | Skirmisher |
| 13:09 | Queue | Archer |
| 13:13 | Queue | Skirmisher |
| 13:29 | Build | Palisade Wall |
| 13:31 | Build | Palisade Wall |
| 13:34 | Build | Palisade Wall |
| 13:38 | Build | Palisade Wall |
| 13:39 | Build | Palisade Wall |
| 13:43 | Queue | Archer |
| 13:47 | Queue | Archer |
| 13:47 | Queue | Archer |
| 13:50 | Build | House |
| 14:10 | Queue | Skirmisher |
| 14:11 | Queue | Villager (Male) |
| 14:11 | Queue | Villager (Male) |
| 14:12 | Queue | Villager (Male) |
| 14:29 | Build | Blacksmith |
| 14:31 | Queue | Villager (Male) |
| 14:31 | Queue | Villager (Male) |
| 14:41 | Build | Farm |
| 14:43 | Build | Farm |
| 14:54 | Queue | Skirmisher |
| 15:29 | Queue | Skirmisher |
| 15:31 | Build | House |
| 15:32 | Build | House |
| 15:50 | Queue | Villager (Male) |
| 16:08 | Build | Palisade Wall |
| 16:08 | Queue | Skirmisher |
| 16:25 | Build | Farm |
| 16:31 | Research | Fletching |
| 16:31 | Research | Fletching |
| 16:35 | Queue | Skirmisher |
| 16:55 | Queue | Villager (Male) |
| 17:07 | Build | Archery Range |
| 17:23 | Queue | Villager (Male) |
| 17:23 | Queue | Villager (Male) |
| 17:23 | Queue | Villager (Male) |
| 17:50 | Queue | Villager (Male) |
| 17:54 | Build | Farm |
| 17:55 | Build | Farm |
| 17:59 | Build | House |
| 18:00 | Build | House |
| 18:00 | Build | House |
| 18:01 | Queue | Villager (Male) |
| 18:01 | Queue | Villager (Male) |
| 18:33 | Queue | Villager (Male) |
| 18:33 | Queue | Villager (Male) |
| 18:34 | Queue | Villager (Male) |
| 18:37 | Queue | Skirmisher |
| 18:43 | Build | Farm |
| 18:55 | Queue | Villager (Male) |
| 18:55 | Queue | Villager (Male) |
| 18:55 | Queue | Villager (Male) |
| 19:13 | Build | Market |
| 19:14 | Queue | Villager (Male) |
| 19:35 | Build | Farm |
| 19:36 | Build | Farm |
| 19:50 | Queue | Villager (Male) |
| 19:55 | Build | Farm |
| 20:10 | Queue | Villager (Male) |
| 20:31 | Build | House |
| 20:33 | Build | House |
| 20:39 | Queue | Villager (Male) |
| 20:55 | Build | Farm |
| 21:06 | Queue | Villager (Male) |
Build order — (***AlBy_Bkr***)
First 150 of 224 actions detected
| 0:00 | Queue | Villager (Male) |
| 0:00 | Queue | Villager (Male) |
| 0:01 | Queue | Villager (Male) |
| 0:01 | Queue | Villager (Male) |
| 0:02 | Build | House |
| 0:04 | Build | House |
| 1:25 | Queue | Villager (Male) |
| 1:26 | Queue | Villager (Male) |
| 2:00 | Queue | Villager (Male) |
| 2:00 | Queue | Villager (Male) |
| 2:23 | Queue | Villager (Male) |
| 2:24 | Queue | Villager (Male) |
| 2:50 | Queue | Villager (Male) |
| 2:59 | Build | Lumber Camp |
| 3:11 | Queue | Villager (Male) |
| 3:11 | Queue | Villager (Male) |
| 3:24 | Build | House |
| 3:39 | Queue | Villager (Male) |
| 3:39 | Queue | Villager (Male) |
| 3:39 | Queue | Villager (Male) |
| 4:05 | Build | House |
| 4:08 | Queue | Villager (Male) |
| 4:08 | Queue | Villager (Male) |
| 5:28 | Queue | Villager (Male) |
| 5:29 | Queue | Villager (Male) |
| 5:44 | Queue | Villager (Male) |
| 5:44 | Queue | Villager (Male) |
| 5:44 | Research | Loom |
| 6:18 | Build | Barracks |
| 7:20 | Build | Mill |
| 7:27 | Build | House |
| 7:29 | Build | Palisade Wall |
| 7:32 | Build | Palisade Wall |
| 7:33 | Build | Palisade Wall |
| 7:35 | Build | Palisade Wall |
| 7:36 | Research | Feudal Age |
| 7:37 | Queue | Militia |
| 8:02 | Build | Palisade Wall |
| 8:05 | Build | Palisade Wall |
| 8:12 | Queue | Militia |
| 8:22 | Queue | Villager (Male) |
| 8:32 | Build | Palisade Wall |
| 8:39 | Queue | Militia |
| 9:03 | Queue | Militia |
| 9:03 | Queue | Militia |
| 9:07 | Build | Palisade Wall |
| 9:24 | Build | Palisade Wall |
| 9:29 | Queue | Villager (Male) |
| 9:46 | Age | Feudal Age |
| 9:55 | Queue | Villager (Male) |
| 9:59 | Build | Blacksmith |
| 10:04 | Build | Farm |
| 10:22 | Build | Farm |
| 10:23 | Queue | Villager (Male) |
| 10:31 | Build | Archery Range |
| 10:41 | Build | House |
| 10:48 | Queue | Villager (Male) |
| 10:57 | Build | House |
| 11:02 | Build | House |
| 11:03 | Queue | Villager (Male) |
| 11:07 | Research | Arson |
| 11:07 | Research | Arson |
| 11:17 | Build | Palisade Wall |
| 11:21 | Queue | Skirmisher |
| 11:32 | Build | Farm |
| 11:40 | Queue | Skirmisher |
| 11:57 | Queue | Skirmisher |
| 12:00 | Build | Watch Tower |
| 12:14 | Build | Palisade Wall |
| 12:20 | Build | Outpost |
| 12:26 | Queue | Skirmisher |
| 12:44 | Queue | Skirmisher |
| 12:46 | Queue | Villager (Male) |
| 12:48 | Build | Farm |
| 13:15 | Build | Farm |
| 13:15 | Build | Farm |
| 13:31 | Research | Fletching |
| 13:32 | Research | Fletching |
| 13:57 | Queue | Skirmisher |
| 14:04 | Queue | Villager (Male) |
| 14:30 | Build | Farm |
| 14:31 | Build | Farm |
| 14:32 | Build | Farm |
| 14:41 | Research | Scale Mail Armor |
| 14:41 | Research | Scale Mail Armor |
| 14:47 | Build | Farm |
| 14:48 | Build | Farm |
| 15:21 | Research | Padded Archer Armor |
| 15:21 | Research | Padded Archer Armor |
| 15:29 | Queue | Villager (Male) |
| 15:31 | Build | Farm |
| 15:32 | Build | Farm |
| 16:29 | Queue | Villager (Male) |
| 16:29 | Queue | Villager (Male) |
| 17:04 | Queue | Villager (Male) |
| 17:05 | Queue | Villager (Male) |
| 17:08 | Build | Mining Camp |
| 17:10 | Queue | Villager (Male) |
| 17:16 | Build | Palisade Wall |
| 17:24 | Queue | Villager (Male) |
| 17:45 | Queue | Villager (Male) |
| 17:52 | Build | Farm |
| 17:52 | Build | Farm |
| 17:53 | Build | Farm |
| 18:39 | Queue | Villager (Male) |
| 18:39 | Queue | Villager (Male) |
| 18:52 | Build | Mining Camp |
| 19:07 | Build | Farm |
| 19:16 | Build | Palisade Wall |
| 20:02 | Build | Outpost |
| 20:20 | Research | Castle Age |
| 20:20 | Research | Castle Age |
| 20:23 | Queue | Skirmisher |
| 20:44 | Queue | Villager (Male) |
| 20:55 | Build | Palisade Wall |
| 21:05 | Queue | Militia |
| 21:05 | Queue | Militia |
| 21:11 | Queue | Villager (Male) |
| 21:30 | Build | House |
| 21:43 | Queue | Militia |
| 22:00 | Queue | Militia |
| 22:06 | Build | Stable |
| 22:11 | Research | Scale Barding Armor |
| 22:12 | Research | Scale Barding Armor |
| 22:12 | Queue | Villager (Male) |
| 22:23 | Queue | Militia |
| 22:46 | Queue | Skirmisher |
| 22:47 | Queue | Skirmisher |
| 22:48 | Build | Palisade Wall |
| 23:00 | Age | Castle Age |
| 23:02 | Queue | Knight |
| 23:18 | Build | Market |
| 23:27 | Queue | Skirmisher |
| 23:41 | Queue | Knight |
| 23:47 | Build | House |
| 23:56 | Build | House |
| 24:11 | Build | Krepost |
| 24:27 | Queue | Skirmisher |
| 24:31 | Queue | Villager (Male) |
| 24:56 | Queue | Skirmisher |
| 24:57 | Queue | Skirmisher |
| 25:14 | Research | Bodkin Arrow |
| 25:15 | Research | Bodkin Arrow |
| 25:20 | Queue | Villager (Male) |
| 25:43 | Queue | Konnik |
| 25:43 | Queue | Konnik |
| 25:57 | Build | Palisade Gate |
| 26:00 | Queue | Konnik |
| 26:28 | Research | Chain Barding Armor |
| 26:28 | Research | Chain Barding Armor |
Match timeline
| 4:50 | [GT]YellowJacket · first_building Barracks |
| 6:18 | (***AlBy_Bkr***) · first_building Barracks |
| 7:29 | (***AlBy_Bkr***) · wall_segment Palisade Wall x1 |
| 7:32 | (***AlBy_Bkr***) · wall_segment Palisade Wall x1 |
| 7:33 | (***AlBy_Bkr***) · wall_segment Palisade Wall x1 |
| 7:35 | (***AlBy_Bkr***) · wall_segment Palisade Wall x1 |
| 8:02 | (***AlBy_Bkr***) · wall_segment Palisade Wall x1 |
| 8:05 | (***AlBy_Bkr***) · wall_segment Palisade Wall x1 |
| 8:29 | [GT]YellowJacket · wall_segment Palisade Wall x4 |
| 8:32 | (***AlBy_Bkr***) · wall_segment Palisade Wall x6 |
| 8:39 | [GT]YellowJacket · wall_segment Palisade Wall x5 |
| 8:47 | [GT]YellowJacket · wall_segment Palisade Wall x4 |
| 8:51 | [GT]YellowJacket · wall_segment Palisade Wall x1 |
| 9:07 | (***AlBy_Bkr***) · wall_segment Palisade Wall x1 |
| 9:24 | (***AlBy_Bkr***) · wall_segment Palisade Wall x1 |
| 9:46 | (***AlBy_Bkr***) · age_up feudal |
| 9:47 | [GT]YellowJacket · wall_segment Palisade Wall x2 |
| 9:49 | [GT]YellowJacket · wall_segment Palisade Wall x5 |
| 9:57 | [GT]YellowJacket · wall_segment Palisade Wall x1 |
| 10:06 | [GT]YellowJacket · age_up feudal |
| 10:14 | [GT]YellowJacket · first_building Archery Range |
| 10:31 | (***AlBy_Bkr***) · first_building Archery Range |
| 11:17 | (***AlBy_Bkr***) · wall_segment Palisade Wall x2 |
| 12:14 | (***AlBy_Bkr***) · wall_segment Palisade Wall x10 |
| 13:29 | [GT]YellowJacket · wall_segment Palisade Wall x1 |
| 13:31 | [GT]YellowJacket · wall_segment Palisade Wall x1 |
| 13:34 | [GT]YellowJacket · wall_segment Palisade Wall x1 |
| 13:38 | [GT]YellowJacket · wall_segment Palisade Wall x1 |
| 13:39 | [GT]YellowJacket · wall_segment Palisade Wall x1 |
| 16:08 | [GT]YellowJacket · wall_segment Palisade Wall x1 |
| 17:16 | (***AlBy_Bkr***) · wall_segment Palisade Wall x29 |
| 19:16 | (***AlBy_Bkr***) · wall_segment Palisade Wall x1 |
| 19:57 | [GT]YellowJacket · first_market_buy 500 food |
| 20:02 | [GT]YellowJacket · first_market_sell 500 food |
| 20:55 | (***AlBy_Bkr***) · wall_segment Palisade Wall x3 |
| 21:57 | [GT]YellowJacket · first_building Stable |
| 22:06 | (***AlBy_Bkr***) · first_building Stable |
| 22:48 | (***AlBy_Bkr***) · wall_segment Palisade Wall x1 |
| 23:00 | (***AlBy_Bkr***) · age_up castle |
| 23:59 | (***AlBy_Bkr***) · first_market_sell 100 stone |
| 24:11 | (***AlBy_Bkr***) · first_building Krepost |
| 24:32 | [GT]YellowJacket · age_up castle |
| 25:49 | (***AlBy_Bkr***) · first_market_buy 100 wood |
| 26:55 | [GT]YellowJacket · wall_segment Palisade Wall x1 |
| 27:11 | [GT]YellowJacket · wall_segment Palisade Wall x1 |
| 28:47 | [GT]YellowJacket · wall_segment Palisade Wall x1 |
| 30:42 | [GT]YellowJacket · wall_segment Palisade Wall x1 |
| 30:44 | [GT]YellowJacket · wall_segment Palisade Wall x1 |
| 32:36 | (***AlBy_Bkr***) · wall_segment Palisade Wall x1 |
| 32:42 | (***AlBy_Bkr***) · wall_segment Palisade Wall x1 |
| 32:43 | (***AlBy_Bkr***) · wall_segment Palisade Wall x1 |
| 32:56 | [GT]YellowJacket · first_building Siege Workshop |
| 33:58 | (***AlBy_Bkr***) · wall_segment Palisade Wall x1 |
| 33:59 | (***AlBy_Bkr***) · wall_segment Palisade Wall x1 |
| 38:37 | [GT]YellowJacket · wall_segment Palisade Wall x1 |
| 39:02 | [GT]YellowJacket · first_building Castle |
| 40:16 | [GT]YellowJacket · resign |
[ AI ANALYSIS · 1 CREDIT ]
What really happened in this match?
Wolo.gg analyzes every decision: build order, eco, micro, common mistakes by bracket. Personalized analysis on WhatsApp or Discord in 30 seconds.
Civ guide
Mongols
Perfil
GTyellowjacket